 Dungeon Crawl Stone Soup version 0.29.1-2-gbd0b4ee654 (webtiles) character file.

Game seed: 3438922546309716483

155 RascalDebosk the Magician (level 5, -14/39 HPs)
             Began as a Djinni Air Elementalist on Oct 25, 2022.
             Demolished by Crazy Yiuf
             ... wielding a +4 quarterstaff of chaos
              (18 damage)
             ... on level 3 of the Dungeon.
             The game lasted 00:15:00 (3730 turns).

RascalDebosk the Magician (Djinni Air Elementalist) Turns: 3730, Time: 00:15:01

Health: -14/39     AC:  2    Str:  7    XL:     5   Next: 63%
Gold:   135        EV: 12    Int: 19    God:
                   SH:  0    Dex: 13

rFire   + + .      SeeInvis .   e - +1 short sword (holy)
rCold   x . .      Faith    .   (no shield)
rNeg    . . .      Spirit   .   a - +0 robe
rPois   ∞          Reflect  .   (no helmet)
rElec   .          Harm     .   (no cloak)
rCorr   .          Rampage  .   (no gloves)
Will    .....                   (boots unavailable)
Stlth   ++........              (no amulet)
HPRegen 0.13/turn               (no ring)
MPRegen 0.00/turn               (no ring)

@: flying, very slightly contaminated
A: sickness immunity, fire resistance 2, cold vulnerability 1, float, innate
caster, HP casting, extra vitality 1
a: no special abilities


You were on level 3 of the Dungeon.
You visited 1 branch of the dungeon, and saw 3 of its levels.

You collected 135 gold pieces.

Inventory:

Hand Weapons
 e - a +1 short sword of holy wrath (weapon)
Armour
 a - a +0 robe (worn)
Jewellery
 i - a ring of wizardry
Scrolls
 c - 2 scrolls of identify {unknown}
 d - 2 scrolls of enchant weapon {unknown}
 k - a scroll of blinking {unknown}
 l - a scroll of teleportation {unknown}
 m - 3 scrolls of magic mapping {unknown}
Potions
 b - 2 potions of degeneration {unknown}
 f - 2 potions of curing {unknown}
 g - 3 potions of cancellation {unknown}
 h - a potion of berserk rage {unknown}
 j - a potion of haste {unknown}
 n - a potion of might {unknown}


   Skills:
 + Level 2.5 Fighting
 + Level 2.2 Dodging
 - Level 1.5 Stealth
 * Level 4.0 Spellcasting


You couldn't memorise any spells.
You knew the following spells:

 Your Spells              Type           Power      Damage    Failure   Level
a - Shock                 Conj/Air       76%        1d7       2%          1
b - Static Discharge      Conj/Air       19%        3-6/arc   4%          2
c - Swiftness             Air            19%        N/A       8%          3
d - Airstrike             Air            9%         2d(2-18)  26%         4
e - Sting                 Tmut/Pois      76%        1d6       2%          1
f - Wereblood             Tmut           19%        N/A       4%          2
Your spell library was empty.

Dungeon Overview and Level Annotations

Branches:
Dungeon (3/15)

Altars:
Ashenzari

Annotations:
D:3 Crazy Yiuf


Innate Abilities, Weirdness & Mutations

You are immune to sickness and miasma.
You are immune to poison.
Your flesh is very heat resistant. (rF++)
You are vulnerable to cold. (rC-)
You float through the air rather than walking.
You learn spells naturally, not from books.
Your magical power is your life essence.
You have superior vitality. (+4 MHP)


Message History

The air twists around and strikes Terence.
Terence is heavily wounded.
Casting: Airstrike (extremely dangerous; 28% risk of failure)
Confirm with . or Enter, or press ? or * to list all spells.
Your blood is infused with primal strength.
Aiming: Shock (safe; 2% risk of failure)
Press: ? - help, Q - select action, (/) - cycle Shift-Dir - straight line, f/p - Terence
Aim: Terence, wielding a +2 vorpal hand axe and wearing a +0 ring mail (moderately wounded, 75% to hit)
The zap misses Terence.
Casting: Shock (safe; 2% risk of failure)
Confirm with . or Enter, or press ? or * to list all spells.
Terence is struck by an arc of lightning.
Terence is heavily wounded.
You are struck by an arc of lightning.
Terence is struck by an arc of lightning!
Terence is almost dead.
You are struck by an arc of lightning.
The lightning grounds out.
Terence hits you with a +2 vorpal hand axe.
* * * LOW HITPOINT WARNING * * *
* * * LOW HITPOINT WARNING * * *
Casting: Static Discharge (safe; 4% risk of failure)
Confirm with . or Enter, or press ? or * to list all spells.
Terence is struck by an arc of lightning.
You feel a bit better.
You kill Terence!
You are struck by an arc of lightning.
* * * LOW HITPOINT WARNING * * *
* * * LOW HITPOINT WARNING * * *
Your Spellcasting skill increases to level 4!
Things that are here:
a +2 vorpal hand axe; a +0 ring mail; the human corpse of Terence You howl as the wereblood boils in your veins!
You howl as the wereblood boils in your veins!
You howl as the wereblood boils in your veins!
You howl as the wereblood boils in your veins!
You howl as the wereblood boils in your veins!
Your primal bloodlust is almost over.
Your primal bloodlust has ended.
Found a stone staircase leading up.
Found a stone staircase leading up.
You now have 97 gold pieces (gained 14).
You now have 115 gold pieces (gained 18).
You now have 125 gold pieces (gained 10).
You now have 135 gold pieces (gained 10).
Found a stone staircase leading down.
A dart slug comes into view.
Aiming: Shock (safe; 2% risk of failure)
Press: ? - help, Q - select action, (/) - cycle Shift-Dir - straight line, f - dart slug
Aim: a dart slug (asleep, 100% to hit)
The zap hits the dart slug!
The dart slug is severely wounded.
Aiming: Shock (safe; 2% risk of failure)
Press: ? - help, Q - select action, (/) - cycle Shift-Dir - straight line, f/p - dart slug
Aim: a dart slug (severely wounded, 100% to hit)
The zap hits the dart slug.
You kill the dart slug!
You see here a dart slug corpse.
There is a stone staircase leading up here.
There is a stone staircase leading up here.
Found a hand axe.
d - 2 scrolls labelled JURI DATHAN HOPN (gained 1)
You see here a +0 hand axe.
You see here a +0 hand axe.
Found a hammer.
Found a runed translucent door.
As you open the door, it creaks loudly!
Crazy Yiuf shouts!
Crazy Yiuf cries, "Goober pizzabubble sing!"
Casting: Shock (safe; 2% risk of failure)
Confirm with . or Enter, or press ? or * to list all spells.
The spell is extremely dangerous to miscast (26% risk of failure)!
Continue anyway?
Aiming: Airstrike (extremely dangerous; 26% risk of failure)
Press: ? - help, Dir - move target, f - Crazy Yiuf
Aim: Crazy Yiuf, wielding a +4 quarterstaff of chaos and wearing a +0 cloak (empty space bonus: 8/8)
You miscast Airstrike.
You are very lightly contaminated with residual magic.
Electricity courses through your body!
Crazy Yiuf cries, "You leg down broken song, no?"
Crazy Yiuf laughs, "Iron!
East water tortoise."
Crazy Yiuf whimpers, "Dawk!
East pontify poople."
Casting: Airstrike (extremely dangerous; 26% risk of failure)
Confirm with . or Enter, or press ? or * to list all spells.
The spell is extremely dangerous to miscast (26% risk of failure)!
Continue anyway?
Aiming: Airstrike (extremely dangerous; 26% risk of failure)
Press: ? - help, Dir - move target, f/p - Crazy Yiuf
Aim: Crazy Yiuf, wielding a +4 quarterstaff of chaos and wearing a +0 cloak (empty space bonus: 8/8)
The air twists around and strikes Crazy Yiuf!
Crazy Yiuf is moderately wounded.
Casting: Airstrike (extremely dangerous; 26% risk of failure)
Confirm with . or Enter, or press ? or * to list all spells.
Crazy Yiuf is struck by an arc of lightning.
Crazy Yiuf is heavily wounded.
You are struck by an arc of lightning.
* * * LOW HITPOINT WARNING * * *
Crazy Yiuf is struck by an arc of lightning.
Crazy Yiuf is severely wounded.
The lightning grounds out.
* * * LOW HITPOINT WARNING * * *
Crazy Yiuf hits you with a +4 quarterstaff of chaos!
* * * LOW HITPOINT WARNING * * *
You are electrocuted!!
You die...

#.#
#.##.#.###~.≈~~~..#..##
#.#
#........<.......###..##
### #############....#
##.)# #....# ##.#####
#....# #.#...# ###
♣♣##<...# #.#...# #)..#♣♣
♣♣..#....# #.....##
#...'.♣♣♣♣........#
##.....#
#...#♣g.♣...g@..#####
####.). ###
♣♣♣.♣...##.#...#######.#.
♣♣♣♣♣##..............#.
##.#...#######.#.
######### #.#...# #.##
#.##.##.# #.#...# #.##
#.##.##.# #.#...# #...
#.##.##.# #.##### ####
#.##.##.#####.#


You could see Crazy Yiuf.

Vanquished Creatures
  An orc priest (D:3)
  Terence (D:3)
  3 adders
  3 dart slugs
  6 orcs (D:3)
  4 endoplasms
  A giant cockroach (D:2)
  9 goblins
  5 hobgoblins
  2 jackals (D:1)
  6 kobolds
  5 quokkas
  A ball python (D:1)
  5 bats
  5 frilled lizards
  3 rats
60 creatures vanquished.

Notes
Turn   | Place    | Note
-------+----------+-------------------------------------------
     0 | D:1      | RascalDebosk the Djinni Air Elementalist began the quest
                  | for the Orb.
     0 | D:1      | RascalDebosk set off with the following spells memorised:
                  | Shock, Static Discharge, Swiftness, Airstrike.
     0 | D:1      | Reached XP level 1. HP: 15/15 MP: 0/0
   137 | D:1      | Reached XP level 2. HP: 17/22 MP: 0/0
   657 | D:1      | Reached skill level 1 in Fighting
   956 | D:1      | Reached XP level 3. HP: 20/27 MP: 0/0
   956 | D:1      | Learned a level 1 spell: Sting
  1039 | D:1      | Reached skill level 3 in Spellcasting
  2220 | D:2      | Reached XP level 4. HP: 17/33 MP: 0/0
  2576 | D:2      | Found a faded altar of an unknown god.
  2883 | D:3      | Found a broken altar of Ashenzari.
  3033 | D:3      | Reached XP level 5. HP: 29/39 MP: 0/0
  3033 | D:3      | Learned a level 2 spell: Wereblood
  3294 | D:3      | Noticed Terence
  3358 | D:3      | Killed Terence
  3359 | D:3      | Reached skill level 4 in Spellcasting
  3715 | D:3      | Found a runed translucent door.
  3716 | D:3      | Noticed Crazy Yiuf
  3730 | D:3      | Demolished by Crazy Yiuf

Illustrated notes

Levels and vault maps discovered:
D:1:      dpeg_arrival_arbitrary_c, layout_loops_corners
D:2:      layout_loops_ring, ebering_ecumenical_altar_webs, minmay_ruptured
D:3:      layout_basic, ashenzari_conservatory_becter,
          chequers_serial_rivers_marsh, uniq_crazy_yiuf_cottage, uniq_terence

Skill      XL: |  1  2  3  4  5 |
---------------+----------------+-----
Fighting       | 1 2 |  2.5
Spellcasting   | 3 4 |  4.0
Dodging        | |  2.2
Stealth        | |  1.5

Action                   |  1- 3 |  4- 6 || total
-------------------------+-------+-------++-------
 Cast: Shock             |    77 |    37 ||   114
       Static Discharge  |       |     7 ||     7
       Airstrike         |       |     3 ||     3
       Wereblood         |       |     1 ||     1
Armor: Robe              |     3 |     1 ||     4
Dodge: Dodged            |    14 |     5 ||    19
